 Dungeon Crawl Stone Soup version 0.31-a0-986-g5e6e4ef867 (webtiles) character file.

Game seed: 11011275741803331908

945 avis the Nimble (level 7, 33/33 HPs)
             Began as a Felid Shapeshifter on Nov 10, 2023.
             Got out of the dungeon alive.
             The game lasted 00:22:45 (3723 turns).

avis the Nimble (Felid Shapeshifter)                Turns: 3723, Time: 00:22:46

Health: 33/33      AC:  2    Str: 10    XL:     7   Next: 89%
Magic:  8/8        EV: 22    Int: 11    God:
Gold:   286        SH:  0    Dex: 18    Spells: 6/6 levels left
                                        Lives:  1   Deaths: 2

rFire   . .          .
                       - Unarmed
rCold   + . .        (shield unavailable)
rNeg    . . .        (body armour unavailable)
rPois   .            (helmet unavailable)
rElec   .            (cloak unavailable)
rCorr   .            (gloves unavailable)
SInv    +            (boots unavailable)
Will    +....        (no amulet)
Stlth   ++           e - ring of protection from cold
HPRegen 0.25/turn    (no ring)
MPRegen 0.11/turn

%: no passive effects
@: beast-form, quick
A: beast (slay +3), very small, claws 1, fangs 3, see invisible, speed 1, shaggy
fur 2, stealthy paws, no weapons or thrown items, no armour, multi-lived
a: Begin Untransformation


You escaped.
You were a hulking beast.
You visited 1 branch of the dungeon, and saw 5 of its levels.

You collected 286 gold pieces.

Inventory:

Jewellery
 e - a ring of protection from cold (left paw)
Talismans
 b - a beast talisman
 f - a flux talisman
 r - a maw talisman
 u - a maw talisman
Scrolls
 a - a scroll of poison {unknown}
 c - 5 scrolls of teleportation {unknown}
 g - a scroll of torment {unknown}
 h - a scroll of acquirement {unknown}
 i - 2 scrolls of enchant weapon {unknown}
 k - 4 scrolls of immolation {unknown}
 l - 2 scrolls of fog {unknown}
 m - a scroll of amnesia {unknown}
 o - a scroll of fear {unknown}
 p - 2 scrolls of vulnerability {unknown}
 s - a scroll of enchant armour {unknown}
 v - 2 scrolls of revelation {unknown}
 x - a scroll of noise {unknown}
Potions
 j - a potion of brilliance
 q - 3 potions of might
 t - a potion of haste
 w - a potion of resistance {unknown}
 z - 2 potions of heal wounds


   Skills:
 * Level 4.6 Fighting
 - Level 8.0 Dodging
 - Level 2.0 Stealth
 - Level 4.0 Unarmed Combat
 - Level 5.3 Shapeshifting


You had 6 spell levels left.
You didn't know any spells.
Your spell library contained the following spells:

 Spells                   Type           Power      Damage    Failure   Level
 Freeze                   Ice            0%         1d3       34%         1
 Magic Dart               Conj           0%         1d3       34%         1
 Searing Ray              Conj           0%         2d4       47%         2
 Frozen Ramparts          Ice            0%         1d1       71%         3
 Hailstorm                Conj/Ice       0%         3d3       71%         3
 Tukima's Dance           Hex            0%         N/A       71%         3
 Fulminant Prism          Conj/Hex       0%         3d5       98%         4
 Iskenderun's Mystic Bla  Conj/Tloc      0%         2d3       98%         4
 Dimensional Bullseye     Hex/Tloc       Unusable   N/A       N/A         4

Dungeon Overview and Level Annotations

Branches:
Dungeon (5/15)
 Temple: D:4-7

Altars:
Kikubaaqudgha
Sif Muna

Annotations:
D:3 1 runed translucent door, exclusion: door
D:5 Pikel


Innate Abilities, Weirdness & Mutations

You are a hulking beast.
Your limbs bulge with bestial killing power. (Slay +3)
You have sharp claws.
You have razor-sharp teeth.
You have supernaturally acute eyesight. (SInv)
You cover ground quickly. (Speed+)
You are covered in thick fur. (AC +2)
Your paws help you pounce on unaware monsters.
You are incapable of wielding weapons or throwing items.
You cannot wear armour.
You gain extra lives every three experience levels.


Message History

The black bear completely misses you. The black bear claws you.
The black bear barely misses you.
You barely miss the black bear.
The black bear is heavily wounded.
The black bear bites you! The black bear closely misses you.
The black bear barely misses you.
You claw the black bear!
The black bear is almost dead.
The black bear goes berserk!
You scratch the black bear.
The black bear is almost dead.
The black bear bites you!
You die...
Your shape twists and changes as you die.
The black bear claws you. The black bear closely misses you.
The black bear bites you! The black bear closely misses you.
The black bear barely misses you.
You rejoin the land of the living...
What level of the Dungeon? (default 4, ? - help)
There is an open door here.
Items here: ))) [[.
There is an open door here.
Things that are here:
a +0 scale mail; a +0 flail
There is a stone staircase leading up here.
You climb upwards.
Level annotation: 1 runed translucent door, exclusion: door
There is a stone staircase leading down here.
There is a stone staircase leading up here.
You climb upwards.
There is a stone staircase leading down here.
There is a stone staircase leading up here.
You climb upwards.
There is a stone staircase leading down here.
There is an open door here.
There is an open door here.
You see here a +0 club.
There is an escape hatch in the floor here.
There is a staircase leading out of the dungeon here.
You have escaped!

...## #.........###..# #....##
...# #.........# #..# #...)..
...# #..#####..# #..# #####..
.### #..# #..###..# #.. .# #..#
#.......# #.. .# #..# #.>.....#
#.. .# #..# #.......#########..
########..# #...##..##.........
......##..#####.h.##..##.........
......##..............##........#
......##..............##........#
......##..............###########
#######################


There were no monsters in sight!

Vanquished Creatures
  Sigmund (D:5)
  3 ogres
  A black bear (D:5)
  A lemure (D:4)
  A scorpion (D:5)
  An orc priest (D:4)
  3 hounds
  A sleepcap (D:4)
  Jessica (D:3)
  An iguana (D:4)
  2 orc wizards (D:5)
  6 adders
  A white imp (D:3)
  2 ufetubi (D:5)
  2 dart slugs
  8 orcs
  5 ball pythons
  5 endoplasms
  3 giant cockroaches
  7 goblins
  4 hobgoblins
  8 jackals
  3 quokkas
  7 bats
  A frilled lizard (D:1)
  3 kobolds
  4 rats
  2 rat zombies (D:4)
87 creatures vanquished.

Notes
Turn   | Place    | Note
-------+----------+-------------------------------------------
     0 | D:1      | avis the Felid Shapeshifter began the quest for the Orb.
     0 | D:1      | Reached XP level 1. HP: 9/9 MP: 2/2
   102 | D:1      | Reached XP level 2. HP: 9/13 MP: 3/3
   132 | D:1      | Found a faded altar of an unknown god.
   143 | D:1      | Reached skill level 3 in Dodging
   325 | D:1      | Reached skill level 1 in Stealth
   809 | D:2      | Reached XP level 3. HP: 16/16 MP: 4/4
   824 | D:2      | Reached skill level 4 in Dodging
  1258 | D:2      | Reached XP level 4. HP: 20/20 MP: 5/5
  1588 | D:3      | Noticed Jessica
  1664 | D:3      | Killed Jessica
  1665 | D:3      | Reached XP level 5. HP: 20/25 MP: 6/6
  1857 | D:3      | Found a shimmering blue altar of Sif Muna.
  1953 | D:3      | Found a runed translucent door.
  2041 | D:4      | Reached skill level 5 in Dodging
  2145 | D:4      | Noticed an ogre
  2190 | D:4      | Killed an ogre
  2191 | D:4      | Reached skill level 6 in Dodging
  2191 | D:4      | Gained mutation: You are covered in thick fur. (AC +2)
                  | [Felid growth]
  2191 | D:4      | Reached XP level 6. HP: 10/28 MP: 7/7
  2658 | D:4      | Found an ancient bone altar of Kikubaaqudgha.
  3069 | D:5      | Entered Level 5 of the Dungeon
  3129 | D:5      | Slain by an ogre
  3161 | D:5      | Reached skill level 5 in Shapeshifting
  3162 | D:5      | Reached XP level 7. HP: 16/32 MP: 8/8
  3240 | D:5      | Noticed Sigmund
  3255 | D:5      | Killed Sigmund
  3256 | D:5      | Reached skill level 7 in Dodging
  3471 | D:5      | Reached skill level 8 in Dodging
  3526 | D:5      | Noticed Pikel
  3603 | D:4      | Slain by a black bear
  3723 | D:$      | Got out of the dungeon alive.

Illustrated notes

Levels and vault maps discovered:
D:1:      dpeg_arrival_boxorama, layout_basic, ebering_ecumenical_altar_rust,
          minmay_liquid_box
D:2:      layout_loops_cross, minmay_tetromino_i2
D:3:      layout_basic, lemuel_blue_sif_altar, uniq_jessica,
          uniq_crazy_yiuf_cottage
D:4:      layout_gridville, lemuel_zombie_altar_kikubaaqudgha
D:5:      layout_basic, roderic_serpentine_path, amethyst_killhole, uniq_pikel,
          uniq_sigmund

Skill      XL: |  1  2  3  4  5  6  7 |
---------------+----------------------+-----
Fighting       | 2 4 |  4.6
Dodging        | 3 4 6 8 |  8.0
Stealth        | 1 2 |  2.0
Shapeshifting  | 5 |  5.3
Unarmed Combat | 4 |  4.0

Action                     |  1- 3 |  4- 6 |  7- 9 || total
---------------------------+-------+-------+-------++-------
  Melee: Unarmed           |    73 |   152 |    58 ||   283
         Bite              |     4 |    17 |     7 ||    28
         Punch             |     1 |     3 |     2 ||     6
    Use: Scroll            |       |     5 |       ||     5
         Potion            |       |     5 |     1 ||     6
   Stab: Sleeping          |     5 |     5 |       ||    10
         Distracted        |       |     1 |     1 ||     2
         Invisible         |       |       |     1 ||     1
 Armour: Skin              |    18 |    32 |    18 ||    68
  Dodge: Dodged            |    47 |   112 |    46 ||   205

Table legend: (Time is in decaauts)
 A = Elapsed time spent in this place.
 B = Non-inter-level travel time spent in this place.
 C = Inter-level travel time spent in this place.
 D = Time resting spent in this place.
 E = Time spent auto-exploring this place.
 F = Levels seen in this place.
 G = Mean time per level.
                   A        B        C        D        E       F      G
               +--------+--------+--------+--------+--------+-----+--------+
         Total |   3136 |   2803 |    333 |    424 |   1456 |   5 |  627.2 |
       Dungeon |   3136 |   2803 |    333 |    424 |   1456 |   5 |  627.2 |
               +--------+--------+--------+--------+--------+-----+--------+

Top non-repeatable levels by time:
     D:4: 945 daAuts
     D:1: 683 daAuts
     D:2: 613 daAuts
     D:3: 476 daAuts
     D:5: 417 daAuts
